[ AOE2 MATCH · #506023099 ]
UnrankedGeorgians vs Teutons
Player's team · WIN
Rival team · LOSS
[ REPLAY ANALYSIS · EXTRACTED FROM THE RECORDED GAME ]
Feudal
8:51
Castle
25:35
Imperial
—
| APM avg | 67.6 |
| APM peak | 114 |
| eAPM avg | 24.3 |
| Villagers / military | 86 / 35 |
Focus
⚔️ 28.9% · 🌾 71.1%
Knight ×18 · Archer ×11 · Battering Ram ×6
Feudal
10:05
Castle
—
Imperial
—
| APM avg | 29.2 |
| APM peak | 71 |
| eAPM avg | 14.8 |
| Villagers / military | 41 / 7 |
Focus
⚔️ 38.0% · 🌾 62.0%
Skirmisher ×6 · Spearman ×1
Match map
Initial resources + every placement click. Lines = walls · curves = elevation contours. ◆ gold · ⬟ stone · ● berries · ✦ relic · ◌ wall gap
Your base· Open — 9t gap
Mike's base· Open — unwalled flank
Smoothed initial terrain · ◌ = detected wall gap · hover for details
Inputs per minute
— CTM | IKARO - - Mike
Build order — CTM | IKARO
First 150 of 204 actions detected
| 0:01 | Queue | Villager (Male) |
| 0:01 | Queue | Villager (Male) |
| 0:01 | Queue | Villager (Male) |
| 0:04 | Build | House |
| 0:05 | Build | House |
| 0:05 | Queue | Villager (Male) |
| 1:26 | Queue | Villager (Male) |
| 1:26 | Queue | Villager (Male) |
| 2:02 | Queue | Villager (Male) |
| 2:04 | Queue | Villager (Male) |
| 2:04 | Queue | Villager (Male) |
| 2:35 | Queue | Villager (Male) |
| 2:35 | Queue | Villager (Male) |
| 3:04 | Build | House |
| 3:08 | Queue | Villager (Male) |
| 3:26 | Queue | Villager (Male) |
| 3:30 | Build | Mill |
| 3:51 | Queue | Villager (Male) |
| 3:51 | Queue | Villager (Male) |
| 4:05 | Queue | Villager (Male) |
| 4:12 | Queue | Villager (Male) |
| 4:12 | Queue | Villager (Male) |
| 4:35 | Queue | Villager (Male) |
| 4:48 | Queue | Villager (Male) |
| 4:58 | Queue | Villager (Male) |
| 5:11 | Queue | Villager (Male) |
| 5:11 | Queue | Villager (Male) |
| 5:48 | Queue | Villager (Male) |
| 5:56 | Research | Loom |
| 5:56 | Research | Loom |
| 6:30 | Research | Feudal Age |
| 6:59 | Build | Palisade Wall |
| 7:00 | Build | Palisade Wall |
| 7:12 | Build | Palisade Wall |
| 7:44 | Queue | Villager (Male) |
| 8:18 | Build | House |
| 8:49 | Build | Barracks |
| 8:51 | Age | Feudal Age |
| 8:52 | Build | Palisade Wall |
| 9:28 | Queue | Villager (Male) |
| 9:45 | Queue | Villager (Male) |
| 9:45 | Queue | Villager (Male) |
| 9:45 | Queue | Villager (Male) |
| 9:59 | Queue | Villager (Male) |
| 10:01 | Build | House |
| 10:13 | Queue | Villager (Male) |
| 10:22 | Build | Mule Cart |
| 10:31 | Build | Watch Tower |
| 10:35 | Build | House |
| 10:36 | Build | Palisade Wall |
| 10:37 | Build | Palisade Wall |
| 10:37 | Build | Palisade Wall |
| 10:41 | Queue | Villager (Male) |
| 10:46 | Queue | Villager (Male) |
| 10:52 | Research | Town Watch |
| 10:52 | Research | Town Watch |
| 11:35 | Queue | Villager (Male) |
| 11:42 | Queue | Villager (Male) |
| 11:42 | Queue | Villager (Male) |
| 11:42 | Queue | Villager (Male) |
| 11:43 | Queue | Villager (Male) |
| 12:35 | Queue | Villager (Male) |
| 12:35 | Queue | Villager (Male) |
| 12:36 | Queue | Villager (Male) |
| 13:37 | Build | Blacksmith |
| 13:42 | Build | Archery Range |
| 13:44 | Queue | Villager (Male) |
| 13:44 | Queue | Villager (Male) |
| 13:51 | Build | Mule Cart |
| 14:02 | Queue | Villager (Male) |
| 14:02 | Queue | Villager (Male) |
| 14:17 | Build | Watch Tower |
| 14:30 | Queue | Villager (Male) |
| 14:30 | Queue | Villager (Male) |
| 14:35 | Build | House |
| 14:39 | Queue | Archer |
| 14:39 | Queue | Archer |
| 14:46 | Build | House |
| 14:48 | Queue | Villager (Male) |
| 14:48 | Queue | Villager (Male) |
| 14:49 | Queue | Villager (Male) |
| 14:54 | Build | Watch Tower |
| 15:01 | Build | Farm |
| 15:03 | Build | Farm |
| 15:45 | Build | Gate |
| 16:08 | Queue | Archer |
| 16:14 | Queue | Villager (Male) |
| 16:20 | Research | Fletching |
| 16:21 | Research | Fletching |
| 16:22 | Queue | Villager (Male) |
| 16:22 | Queue | Villager (Male) |
| 16:53 | Build | Watch Tower |
| 16:55 | Queue | Villager (Male) |
| 16:56 | Queue | Archer |
| 16:58 | Build | Farm |
| 16:59 | Build | Farm |
| 17:14 | Queue | Villager (Male) |
| 17:14 | Queue | Villager (Male) |
| 17:18 | Build | Farm |
| 17:21 | Queue | Archer |
| 17:22 | Queue | Archer |
| 17:38 | Build | Farm |
| 17:44 | Build | House |
| 17:57 | Build | Stone Wall |
| 18:02 | Build | Farm |
| 18:08 | Queue | Archer |
| 18:20 | Queue | Villager (Male) |
| 18:26 | Build | Farm |
| 18:32 | Build | House |
| 18:33 | Build | House |
| 18:35 | Build | House |
| 18:43 | Queue | Archer |
| 18:43 | Queue | Villager (Male) |
| 18:45 | Build | Farm |
| 18:46 | Queue | Villager (Male) |
| 18:46 | Queue | Villager (Male) |
| 18:50 | Build | Mule Cart |
| 19:11 | Queue | Archer |
| 19:12 | Queue | Villager (Male) |
| 19:22 | Queue | Archer |
| 19:24 | Queue | Villager (Male) |
| 19:29 | Build | Market |
| 19:35 | Queue | Villager (Male) |
| 20:03 | Queue | Archer |
| 20:04 | Queue | Villager (Male) |
| 20:09 | Build | House |
| 20:26 | Queue | Villager (Male) |
| 20:34 | Build | Farm |
| 20:47 | Build | House |
| 21:12 | Queue | Villager (Male) |
| 21:16 | Build | Stone Wall |
| 21:27 | Build | Farm |
| 21:27 | Build | Farm |
| 21:27 | Build | Farm |
| 21:48 | Queue | Villager (Male) |
| 21:54 | Build | Farm |
| 22:18 | Build | House |
| 22:36 | Queue | Villager (Male) |
| 22:48 | Research | Castle Age |
| 22:56 | Build | Outpost |
| 23:42 | Build | House |
| 23:52 | Queue | Villager (Male) |
| 24:21 | Build | House |
| 24:25 | Build | Stable |
| 24:27 | Build | Stable |
| 24:28 | Research | Scale Barding Armor |
| 24:32 | Queue | Villager (Male) |
| 24:38 | Build | Mill |
| 24:38 | Build | Farm |
| 24:39 | Build | Farm |
Build order — Mike
115 actions detected in the replay
| 0:01 | Queue | Villager (Male) |
| 0:01 | Queue | Villager (Male) |
| 0:02 | Queue | Villager (Male) |
| 0:02 | Queue | Villager (Male) |
| 0:03 | Build | House |
| 0:04 | Build | House |
| 1:30 | Queue | Villager (Male) |
| 2:00 | Queue | Villager (Male) |
| 2:00 | Queue | Villager (Male) |
| 2:12 | Build | Lumber Camp |
| 2:16 | Queue | Villager (Male) |
| 2:51 | Queue | Villager (Male) |
| 2:52 | Queue | Villager (Male) |
| 3:12 | Queue | Villager (Male) |
| 3:43 | Queue | Villager (Male) |
| 4:06 | Queue | Villager (Male) |
| 4:08 | Build | House |
| 4:17 | Queue | Villager (Male) |
| 4:49 | Queue | Villager (Male) |
| 4:50 | Queue | Villager (Male) |
| 4:50 | Queue | Villager (Male) |
| 5:50 | Queue | Villager (Male) |
| 6:10 | Build | Mill |
| 6:16 | Queue | Villager (Male) |
| 6:36 | Research | Loom |
| 7:55 | Research | Feudal Age |
| 7:55 | Research | Feudal Age |
| 8:15 | Build | Mining Camp |
| 10:05 | Age | Feudal Age |
| 10:07 | Build | Watch Tower |
| 10:08 | Queue | Villager (Male) |
| 10:10 | Research | Double-Bit Axe |
| 10:24 | Queue | Villager (Male) |
| 10:32 | Build | Mining Camp |
| 10:37 | Build | House |
| 11:01 | Build | Watch Tower |
| 12:56 | Build | Watch Tower |
| 13:08 | Build | Watch Tower |
| 13:11 | Build | Blacksmith |
| 13:42 | Build | Mill |
| 14:15 | Build | Farm |
| 14:17 | Build | Farm |
| 14:19 | Build | Farm |
| 14:43 | Queue | Villager (Male) |
| 14:43 | Queue | Villager (Male) |
| 15:13 | Build | Farm |
| 15:48 | Queue | Villager (Male) |
| 15:50 | Build | Farm |
| 16:17 | Build | Watch Tower |
| 16:32 | Research | Fletching |
| 16:40 | Build | Watch Tower |
| 17:31 | Build | Watch Tower |
| 17:33 | Queue | Villager (Male) |
| 17:34 | Build | Farm |
| 17:50 | Queue | Villager (Male) |
| 17:59 | Build | Farm |
| 18:32 | Queue | Villager (Male) |
| 18:35 | Build | Barracks |
| 18:38 | Queue | Villager (Male) |
| 19:10 | Build | Watch Tower |
| 19:25 | Build | Lumber Camp |
| 19:30 | Build | Barracks |
| 19:35 | Queue | Villager (Male) |
| 19:56 | Build | Watch Tower |
| 20:24 | Queue | Villager (Male) |
| 20:26 | Build | House |
| 20:27 | Build | House |
| 20:40 | Build | Farm |
| 21:22 | Queue | Villager (Male) |
| 21:45 | Build | Watch Tower |
| 21:49 | Build | Farm |
| 21:50 | Build | Farm |
| 21:52 | Queue | Villager (Male) |
| 22:38 | Build | Archery Range |
| 22:41 | Queue | Villager (Male) |
| 22:42 | Build | Farm |
| 23:08 | Build | Farm |
| 23:12 | Queue | Villager (Male) |
| 23:13 | Queue | Villager (Male) |
| 23:30 | Build | Farm |
| 23:40 | Queue | Skirmisher |
| 23:55 | Build | Watch Tower |
| 24:05 | Queue | Villager (Male) |
| 24:12 | Queue | Skirmisher |
| 24:13 | Queue | Skirmisher |
| 24:26 | Queue | Villager (Male) |
| 24:38 | Build | Farm |
| 24:46 | Queue | Skirmisher |
| 24:47 | Research | Padded Archer Armor |
| 25:02 | Queue | Skirmisher |
| 25:25 | Queue | Skirmisher |
| 25:27 | Queue | Villager (Male) |
| 25:32 | Build | House |
| 25:33 | Build | House |
| 25:34 | Build | House |
| 25:36 | Build | Mining Camp |
| 25:48 | Queue | Spearman |
| 25:54 | Queue | Villager (Male) |
| 26:10 | Build | House |
| 26:14 | Queue | Villager (Male) |
| 26:32 | Build | Watch Tower |
| 26:39 | Queue | Villager (Male) |
| 26:41 | Build | House |
| 26:51 | Build | Market |
| 26:52 | Build | House |
| 27:05 | Build | Watch Tower |
| 27:32 | Build | Farm |
| 27:36 | Build | House |
| 27:40 | Build | House |
| 28:37 | Build | Mill |
| 28:43 | Build | Farm |
| 28:44 | Build | Farm |
| 28:46 | Build | Farm |
| 28:48 | Build | Farm |
| 28:55 | Research | Castle Age |
Match timeline
| 6:59 | CTM | IKARO · wall_segment Palisade Wall x1 |
| 7:00 | CTM | IKARO · wall_segment Palisade Wall x1 |
| 7:12 | CTM | IKARO · wall_segment Palisade Wall x5 |
| 8:49 | CTM | IKARO · first_building Barracks |
| 8:51 | CTM | IKARO · age_up feudal |
| 8:52 | CTM | IKARO · wall_segment Palisade Wall x1 |
| 10:05 | Mike · age_up feudal |
| 10:36 | CTM | IKARO · wall_segment Palisade Wall x3 |
| 10:37 | CTM | IKARO · wall_segment Palisade Wall x1 |
| 10:37 | CTM | IKARO · wall_segment Palisade Wall x2 |
| 13:42 | CTM | IKARO · first_building Archery Range |
| 17:57 | CTM | IKARO · wall_segment Stone Wall x7 |
| 18:35 | Mike · first_building Barracks |
| 20:50 | CTM | IKARO · first_market_sell 100 stone |
| 21:16 | CTM | IKARO · wall_segment Stone Wall x7 |
| 22:38 | Mike · first_building Archery Range |
| 22:41 | CTM | IKARO · first_market_buy 100 food |
| 24:25 | CTM | IKARO · first_building Stable |
| 25:35 | CTM | IKARO · age_up castle |
| 25:43 | CTM | IKARO · first_building Siege Workshop |
| 28:24 | Mike · first_market_sell 100 stone |
| 28:28 | Mike · first_market_buy 100 food |
| 29:40 | Mike · resign |
[ AI ANALYSIS · 1 CREDIT ]
What really happened in this match?
Wolo.gg analyzes every decision: build order, eco, micro, common mistakes by bracket. Personalized analysis on WhatsApp or Discord in 30 seconds.
Civ guide
Georgians
Perfil
Jugador #3828058